[Event "*** Titled Tuesday 3|2 Blitz"]
[Site "Chess.com"]
[Date "2014.12.30"]
[Round "1"]
[White "Philofive"]
[Black "Carolina-moon"]
[Result "1-0"]
[WhiteElo "2274"]
[BlackElo "1899"]
[TimeControl "180+2"]
[EndTime "11:03:30 PST"]
[Termination "Philofive won by resignation"]

1. d4 f5 2. Nc3 Nf6 3. Bg5 d5 4.
Bxf6 exf6 5. e3 Be6 6. Qf3 Bb4 7. Bd3 Bxc3+ 8. bxc3 Qd7 9. Ne2 c6 10. Rb1 g6 11. h4 h5 12. Nf4 Bf7 13. Rh3 Rg8 14. Rg3 Na6 15. Bxa6 bxa6 16. Nd3 Ke7 17. Qf4 Qd6 18. Rb7+ Ke6 19. Nc5+ 1-0

[Event "*** Titled Tuesday 3|2 Blitz"]
[Site "Chess.com"]
[Date "2014.12.30"]
[Round "1"]
[White "WanderingPuppet"]
[Black "gmsakk"]
[Result "0-1"]
[WhiteElo "2059"]
[BlackElo "2368"]
[TimeControl "180+2"]
[EndTime "11:04:23 PST"]
[Termination "gmsakk won by resignation"]

1. e4 c5 2. Nf3 e6 3. d4 cxd4 4.
Nxd4 a6 5. Bd3 Qc7 6. Qe2 g6 7.
O-O Bg7 8. Nb3 d6 9. Nc3 Nf6 10. Bf4 Nbd7 11. h3 O-O 12. Rad1 b5 13. Bh2 Ne5 14.
Rfe1 Bb7 15. f4 Nxd3 16. cxd3 b4 17. Nb1 a5 18. N1d2 a4 19. Nc1 d5 20. f5 Qb6+ 21. Kh1 dxe4 22. fxe6 Qxe6 23. Nxe4 Nxe4 24. dxe4 Rfe8 25.
Nd3 Qxa2 26. Nxb4 Qxb2 27. Qb5 Bxe4 28. Rg1 a3 29. Qc4 a2 30. Nxa2 Rxa2 0-1

[Event "*** Titled Tuesday 3|2 Blitz"]
[Site "Chess.com"]
[Date "2014.12.30"]
[Round "1"]
[White "jlandaw"]
[Black "alexsuper1987"]
[Result "1-0"]
[WhiteElo "2333"]
[BlackElo "1989"]
[TimeControl "180+2"]
[EndTime "11:04:27 PST"]
[Termination "jlandaw won by resignation"]

1. e4 e6 2. d4 d5 3. e5 c5 4. c3 Nc6 5. Nf3 Qb6 6. Bd3 Bd7 7. dxc5 Bxc5 8. O-O Qc7 9. Re1 Nge7 10. b4 Bb6 11. Ba3 a6 12. b5 Na5 13. Bd6 Qd8 14. a4 Rc8 15. Ng5 Nc4 16. Qh5 g6 17. Qh6 Nxd6 18.
exd6 Nf5 19. Bxf5 gxf5 20. Qg7 Rf8 21. Nxh7 1-0

[Event "*** Titled Tuesday 3|2 Blitz"]
[Site "Chess.com"]
[Date "2014.12.30"]
[Round "1"]
[White "Dr-Bassem"]
[Black "AlmirDzhumaev"]
[Result "1-0"]
[WhiteElo "2374"]
[BlackElo "2069"]
[TimeControl "180+2"]
[EndTime "11:04:38 PST"]
[Termination "Dr-Bassem won by resignation"]

1. e4 e5 2. Nf3 Nc6 3. Bb5 a6 4. Ba4 Nf6 5. Qe2 b5 6. Bb3 Bc5 7. a4 b4 8. Bxf7+ Kf8 9. Bb3 d6 10. h3 a5 11. d3 h6 12. Be3 g5 13. Nbd2 Kg7 14. Bd5 Bd7 15. Bxc5 dxc5 16. Bxc6 Bxc6 17.
Nxe5 Be8 18. Ndc4 Qd4 19. Qe3 Rf8 20. Qxd4 cxd4 21. O-O Nh5 22. g3 c5 23. Kg2 Ra6 24.
b3 Bf7 25. Nxf7 Rxf7 26. Rae1 Kg6 27. e5 Ng7 28. Re4 Ne6 29. f4 gxf4 30. gxf4 Kh5 31. f5 Ng5 32. Rg4 Ra8 33. Kg3 1-0

[Event "*** Titled Tuesday 3|2 Blitz"]
[Site "Chess.com"]
[Date "2014.12.30"]
[Round "1"]
[White "DanielNaroditsky"]
[Black "Imre91"]
[Result "1-0"]
[WhiteElo "2406"]
[BlackElo "2535"]
[TimeControl "180+2"]
[EndTime "11:05:30 PST"]
[Termination "DanielNaroditsky won by resignation"]

1. e4 e6 2. d4 d5 3. Nd2 Nc6 4. Ngf3 Nf6 5. e5 Nd7 6. Bd3 Nb4 7. Be2 c5 8. c3 Nc6 9. Bd3 Qb6 10. O-O cxd4 11.
cxd4 Nxd4 12. Nxd4 Qxd4 13. Nf3 Qb6 14. Qa4 Be7 15.
Be3 Qb4 16. Qc2 g6 17. h3 O-O 18. a3 Qa5 19. b4 Qd8 20. Qd2 Nb6 21. Bh6 Re8 22. Qf4 Bf8 23. Ng5 Qe7 24. Qh4 Nd7 25. Bb5 Bxh6 26. Qxh6 Nf8 27. Bxe8 Qxe8 28. Rac1 Qe7 29. Rc3 f5 30. exf6 Qxf6 31. Rc7 Bd7 32. Nxh7 Nxh7 33. Rxd7 Nf8 34. Rxb7 d4 35. Rc1 Qe5 36.
Rcc7 1-0

[Event "*** Titled Tuesday 3|2 Blitz"]
[Site "Chess.com"]
[Date "2014.12.30"]
[Round "1"]
[White "A-Fier"]
[Black "ItalianMachine"]
[Result "1-0"]
[WhiteElo "2537"]
[BlackElo "2164"]
[TimeControl "180+2"]
[EndTime "11:06:04 PST"]
[Termination "A-Fier won by resignation"]

1. e4 Nf6 2. e5 Nd5 3. d4 d6 4. c4 Nb6 5. f4 dxe5 6. fxe5 g6 7. Be3 Bg7 8. Nc3 c5 9. dxc5 N6d7 10. e6 fxe6 11. Nf3 O-O 12. Be2 Na6 13. Ne4 Qc7 14. O-O Ndxc5 15. Nc3 b6 16. Qc2 Bb7 17. Rae1 Rad8 18.
a3 e5 19. b4 Ne6 20. Nb5 Qb8 21. Qa2 Nd4 22. Bxd4 exd4 23. Bd3 Bxf3 24. gxf3 Kh8 25. Rxe7 Qf4 26. Qe2 Nb8 27. Re4 Qg5+ 28. Kh1 a6 29.
Nc7 Nc6 30. Ne6 Qh5 31. Nxf8 Rxf8 32. f4 Qxe2 33. Rxe2 Bh6 34. Re6 Rc8 35. f5 a5 36.
fxg6 hxg6 37. Rxg6 Be3 38. Rf3 1-0

[Event "*** Titled Tuesday 3|2 Blitz"]
[Site "Chess.com"]
[Date "2014.12.30"]
[Round "1"]
[White "SL0M"]
[Black "162a54f5d"]
[Result "1-0"]
[WhiteElo "2015"]
[BlackElo "2294"]
[TimeControl "180+2"]
[EndTime "11:06:09 PST"]
[Termination "SL0M won by checkmate"]

1. Nf3 f5 2. d3 d6 3. e4 e5 4. Nc3 c5 5. g3 Nc6 6. Bg2 Nf6 7. O-O Be7 8. Bg5 O-O 9. Qd2 Be6 10.
Bxf6 Bxf6 11. Nd5 Bxd5 12. exd5 Ne7 13. c4 Qe8 14. a3 b5 15. b4 bxc4 16. dxc4 e4 17.
Ng5 cxb4 18. axb4 Bxa1 19. Rxa1 Qc8 20. Qd4 Ng6 21. Ne6 Rf7 22. c5 a5 23. c6 axb4 24.
Rxa8 Qxa8 25. Qxb4 Nf8 26. Qxd6 Nxe6 27. Qxe6 Qa1+ 28. Bf1 Qf6 29. Qxf6 gxf6 30. d6 Kf8 31. c7 Ke8 32. c8=Q# 1-0

[Event "*** Titled Tuesday 3|2 Blitz"]
[Site "Chess.com"]
[Date "2014.12.30"]
[Round "1"]
[White "LittlePeasant"]
[Black "MbMaster"]
[Result "1-0"]
[WhiteElo "2396"]
[BlackElo "2103"]
[TimeControl "180+2"]
[EndTime "11:06:54 PST"]
[Termination "LittlePeasant won by resignation"]

1. d4 d6 2. Nf3 g6 3. c4 Bg7 4. g3 Nd7 5. Bg2 e5 6. O-O Ne7 7. Nc3 O-O 8. e4 c5 9. d5 a6 10. Rb1 h6 11. b4 b6 12. Ne1 f5 13.
Nd3 f4 14. a4 g5 15. a5 cxb4 16. Nxb4 bxa5 17. Nc6 Qe8 18. Ba3 Nc5 19. Bxc5 dxc5 20. Nxe7+ Qxe7 21. Na4 Rd8 22. Nb6 Rb8 23. Nxc8 Rbxc8 24. Bh3 Rc7 25. Qa4 h5 26. Be6+ Kh8 27. Qxa5 g4 28. Rfd1 Rd6 29. Bf5 Bf6 30. Rb6 h4 31.
Qxa6 Rxb6 32. Qxb6 hxg3 33. d6 gxf2+ 34. Kf1 Qd8 35.
Qxc7 1-0

[Event "*** Titled Tuesday 3|2 Blitz"]
[Site "Chess.com"]
[Date "2014.12.30"]
[Round "1"]
[White "PauloCesarCosta"]
[Black "rhungaski"]
[Result "0-1"]
[WhiteElo "2098"]
[BlackElo "2396"]
[TimeControl "180+2"]
[EndTime "11:06:59 PST"]
[Termination "rhungaski won on time"]

1. Nf3 Nf6 2. c4 e6 3. d4 Bb4+ 4. Bd2 a5 5. a3 Bxd2+ 6. Qxd2 a4 7.
Nc3 d6 8. g3 O-O 9. Bg2 Nbd7 10. O-O Qe7 11. Rad1 Ra6 12. Rfe1 Re8 13. e4 e5 14. Nd5 Qd8 15. dxe5 dxe5 16. Qc2 Nc5 17. Nb4 Rd6 18. Rxd6 Qxd6 19. Nd5 c6 20. Nxf6+ Qxf6 21. Nd2 Rd8 22. b4 axb3 23. Nxb3 Qe7 24. Nxc5 Qxc5 25. a4 h5 26. h4 Rd4 27. Rc1 Be6 28. Bf1 g6 29. Kg2 b6 30. Bd3 Qd6 31. Bf1 Qb4 32.
c5 Rd2 33. Qc3 Qxe4+ 34. Qf3 Bh3+ 0-1

[Event "*** Titled Tuesday 3|2 Blitz"]
[Site "Chess.com"]
[Date "2014.12.30"]
[Round "1"]
[White "AUSSIE_PINOY"]
[Black "MattyDPerrine"]
[Result "1-0"]
[WhiteElo "2305"]
[BlackElo "1984"]
[TimeControl "180+2"]
[EndTime "11:07:02 PST"]
[Termination "AUSSIE_PINOY won by resignation"]

1. d4 Nf6 2. Nf3 c5 3. d5 b5 4. a4 Bb7 5. c4 bxc4 6. Nc3 Qa5 7.
Bd2 d6 8. e4 Ba6 9. e5 dxe5 10.
Nxe5 g6 11. d6 Qb6 12. a5 Qb7 13. Be2 exd6 14. Qa4+ Kd8 15. Bf3 Qe7 16. O-O dxe5 17. Bxa8 Nbd7 18. Qc6 Qd6 19. Qf3 Bg7 20. Bg5 Kc8 21.
Rfd1 Qc7 22. Nd5 Nxd5 23. Qxd5 f5 24. Bc6 Rd8 25. Bxd8 1-0

[Event "*** Titled Tuesday 3|2 Blitz"]
[Site "Chess.com"]
[Date "2014.12.30"]
[Round "1"]
[White "playerzr"]
[Black "RitvarsReimanis"]
[Result "0-1"]
[WhiteElo "1908"]
[BlackElo "2281"]
[TimeControl "180+2"]
[EndTime "11:07:06 PST"]
[Termination "RitvarsReimanis won by resignation"]

1. d4 d5 2. c4 e6 3. Nf3 c6 4. Qc2 f5 5. g3 Nf6 6. Bg2 Bd6 7. O-O O-O 8. b3 Qe7 9. a4 Ne4 10. Ba3 Nd7 11. Bxd6 Nxd6 12. Nbd2 a5 13.
Ne1 Qf6 14. e3 Qh6 15. Nd3 Nf6 16. Ne5 Nf7 17. f3 Nxe5 18. dxe5 Qxe3+ 19. Kh1 Qxe5 20. Rae1 Qd6 21. c5 Qc7 22. Rf2 e5 23. Rfe2 e4 24. fxe4 fxe4 25. Nf1 Bf5 26. Ne3 Bg6 27. Qc3 Nd7 28.
Nc2 Qe5 29. Nd4 Nf6 30. Bh3 Qh5 31. Be6+ Kh8 32. Rg2 e3 33. g4 Qe5 34. Bf5 Bxf5 35.
gxf5 Rae8 36. Reg1 Ne4 37. Qe1 Nf2+ 38. Rxf2 exf2 39.
Qxf2 Qe4+ 40. Rg2 Rf6 41. h3 Qe1+ 42. Kh2 Qxf2 43. Rxf2 Re4 0-1

[Event "*** Titled Tuesday 3|2 Blitz"]
[Site "Chess.com"]
[Date "2014.12.30"]
[Round "1"]
[White "GM_Barcenilla"]
[Black "jasrom"]
[Result "1-0"]
[WhiteElo "2656"]
[BlackElo "2203"]
[TimeControl "180+2"]
[EndTime "11:07:19 PST"]
[Termination "GM_Barcenilla won on time"]

1. e4 e6 2. c4 d5 3. cxd5 exd5 4.
e5 c5 5. f4 Nc6 6. Nf3 Nh6 7.
Nc3 Be7 8. d3 Be6 9. g3 Qd7 10.
Bg2 Rd8 11. O-O Bh3 12. d4 O-O 13. Nxd5 Bxg2 14. Nxe7+ Qxe7 15. Kxg2 Nxd4 16. Nxd4 Rxd4 17. Qe2 Nf5 18. g4 Nh4+ 19. Kg1 Rfd8 20. Be3 Rd3 21. Rad1 c4 22. Rc1 b5 23. Qf2 Ng6 24. Rce1 Qd7 25.
h3 Qd5 26. Qg2 Qd7 27. Re2 Nh4 28. Qf2 Qe7 29. f5 Qxe5 30. Qxh4 1-0

[Event "*** Titled Tuesday 3|2 Blitz"]
[Site "Chess.com"]
[Date "2014.12.30"]
[Round "1"]
[White "bugsbunny444"]
[Black "SidArun"]
[Result "1-0"]
[WhiteElo "2233"]
[BlackElo "1828"]
[TimeControl "180+2"]
[EndTime "11:07:38 PST"]
[Termination "bugsbunny444 won by checkmate"]

1. Nf3 Nf6 2. c4 g6 3. b4 Bg7 4.
Bb2 a5 5. b5 O-O 6. g3 d5 7.
cxd5 Nxd5 8. Bxg7 Kxg7 9. Qb3 e6 10. Bg2 Qf6 11. d4 a4 12. Qb2 c5 13. bxc6 Nxc6 14. O-O Ra6 15. Na3 Rb6 16. Qd2 Qe7 17. Nc4 Rb4 18.
Rfc1 f6 19. e4 Nb6 20. Nxb6 Rxb6 21. d5 exd5 22. exd5 Ne5 23. Nd4 Bd7 24. Rc7 Rc8 25.
Rxc8 Bxc8 26. Rc1 Bd7 27. h3 Qd6 28. f4 Nf7 29. Kh2 a3 30. Rc2 Ba4 31. Ne6+ Kh6 32.
Rc4 f5 33. Rxa4 Rb2 34. Qd4 g5 35. Qg7+ Kh5 36. Qxh7+ Nh6 37. Ng7# 1-0

[Event "*** Titled Tuesday 3|2 Blitz"]
[Site "Chess.com"]
[Date "2014.12.30"]
[Round "1"]
[White "AungTZ"]
[Black "DanielRensch"]
[Result "0-1"]
[WhiteElo "2009"]
[BlackElo "2346"]
[TimeControl "180+2"]
[EndTime "11:07:44 PST"]
[Termination "DanielRensch won by resignation"]

1. e4 c5 2. Nf3 d6 3. d4 cxd4 4.
Nxd4 Nf6 5. Nc3 g6 6. Be2 Bg7 7.
Be3 O-O 8. Nb3 Nc6 9. O-O Be6 10.
f4 Rc8 11. f5 Bd7 12. Qd2 Ne5 13. Bh6 a5 14. a4 Rxc3 15. Bxg7 Kxg7 16. Qxc3 Nxe4 17.
Qe3 Nf6 18. fxg6 hxg6 19. h3 Qc7 20. Nd4 Qc5 21. c3 b6 22. Kh1 Rh8 23. Qg3 Kf8 24. Bb5 Bc8 25. Nf3 Nxf3 26. Rxf3 Bb7 27. Rff1 Kg7 28. Be2 Ne4 29. Qf3 f5 30. Rad1 Qe5 31.
Kg1 Qc5+ 32. Kh1 Qe5 33. Bd3 Ng3+ 34. Qxg3 Qxg3 35. Rfe1 Rxh3+ 0-1

[Event "*** Titled Tuesday 3|2 Blitz"]
[Site "Chess.com"]
[Date "2014.12.30"]
[Round "1"]
[White "chessmachined"]
[Black "Gevorg_Harutjunyan"]
[Result "0-1"]
[WhiteElo "2140"]
[BlackElo "2427"]
[TimeControl "180+2"]
[EndTime "11:07:52 PST"]
[Termination "Gevorg_Harutjunyan won by resignation"]

1. d4 Nf6 2. c4 g6 3. Nc3 Bg7 4. e4 d6 5. Bd3 O-O 6. Nge2 c5 7. d5 e6 8. O-O Nbd7 9. h3 Ne5 10. f4 Nxd3 11. Qxd3 exd5 12. cxd5 Re8 13. Kh1 b5 14. e5 dxe5 15. fxe5 Rxe5 16. Bf4 c4 17. Qf3 Rf5 18. g4 Rxd5 19. Nxd5 Nxd5 20. Rad1 Bb7 21. Kh2 Qd7 22. Nc3 Rd8 23. Nxd5 Bxd5 24. Qf2 Qb7 25. Bg3 h6 26. Qc5 Bxb2 27. Bh4 Be5+ 28. Kg1 Rd7 29. Rfe1 Bg7 30. Re8+ Kh7 31. Bg3 Bh1 32. Qf2 Rxd1+ 33.
Kh2 Bf3 34. Be5 Bxe5+ 35. Rxe5 Qc7 36. Qxf3 Qxe5+ 37. Kg2 Rd2+ 38. Kf1 Qa1+ 0-1

[Event "*** Titled Tuesday 3|2 Blitz"]
[Site "Chess.com"]
[Date "2014.12.30"]
[Round "1"]
[White "vinceyoung15"]
[Black "Kacparov"]
[Result "0-1"]
[WhiteElo "1969"]
[BlackElo "2303"]
[TimeControl "180+2"]
[EndTime "11:07:56 PST"]
[Termination "Kacparov won by resignation"]

1. e4 c5 2. c3 d6 3. d4 Nf6 4. Bd3 Nc6 5. Nf3 e5 6. d5 Ne7 7. c4 Ng6 8. Nc3 Be7 9. Ne2 Nh5 10.
Ng3 Nhf4 11. Bxf4 exf4 12. Nf5 O-O 13. Nxe7+ Qxe7 14. O-O Bg4 15. h3 Bxf3 16. Qxf3 Ne5 17. Qe2 f3 18. gxf3 Qf6 19. Qe3 Ng6 20. e5 Nxe5 21.
Kg2 Rae8 22. Rae1 h5 23. b3 h4 24. Bc2 Re7 25. Qc3 Rfe8 26. Re4 Nd7 27. Qe3 Rxe4 28.
fxe4 Qg6+ 29. Kh2 Nf6 30. Rg1 Qh5 31. f4 Qh6 32. Qf3 Nh5 33. Rg5 Ng3 34. Rxg3 hxg3+ 35. Qxg3 Qf6 36. e5 dxe5 37. Qd3 e4 38. Qe3 Qb2 39. Qe2 Qd4 40. Kg3 e3 41. Qh5 g6 42.
Bxg6 Qg7 43. f5 e2 0-1

[Event "*** Titled Tuesday 3|2 Blitz"]
[Site "Chess.com"]
[Date "2014.12.30"]
[Round "1"]
[White "liczner"]
[Black "gumersindo"]
[Result "1-0"]
[WhiteElo "2407"]
[BlackElo "2102"]
[TimeControl "180+2"]
[EndTime "11:08:07 PST"]
[Termination "liczner won by checkmate"]

1. e4 e5 2. Nf3 Nc6 3. Bb5 Nf6 4. O-O Nxe4 5. d4 Nd6 6. Bxc6 dxc6 7. dxe5 Nf5 8.
Qxd8+ Kxd8 9. Nc3 Ke8 10. h3 h5 11. b3 Be7 12. Bb2 Be6 13. Ne2 c5 14. Rad1 a5 15. Nf4 Rh6 16. g4 hxg4 17. hxg4 Nh4 18.
Nxh4 Rxh4 19. f3 Bd7 20. e6 fxe6 21. Bxg7 Bd6 22. Ng6 Rh7 23. Be5 Bxe5 24. Nxe5 a4 25. Kg2 axb3 26. axb3 Ra2 27. Rf2 Bc8 28. Kg3 b6 29. g5 Rg7 30. f4 Bb7 31. Rh2 Bd5 32.
Rh8+ Ke7 33. c4 Ra3 34. cxd5 Rxb3+ 35. Kg4 c4 36. dxe6 Kxe6 37. Re8+ Re7 38. f5+ Kxe5 39. Rxe7# 1-0

[Event "*** Titled Tuesday 3|2 Blitz"]
[Site "Chess.com"]
[Date "2014.12.30"]
[Round "1"]
[White "Houdinovic"]
[Black "swayamsm"]
[Result "1-0"]
[WhiteElo "2259"]
[BlackElo "2337"]
[TimeControl "180+2"]
[EndTime "11:08:14 PST"]
[Termination "Houdinovic won by resignation"]

1. e4 e6 2. d4 d5 3. Nc3 Nf6 4. Bg5 Bb4 5. e5 h6 6. Bd2 Bxc3 7. bxc3 Ne4 8. Qg4 g6 9. Qf4 c5 10. Bd3 Nxd2 11. Qxd2 Qa5 12. dxc5 Nd7 13. Nf3 Nxc5 14. O-O Bd7 15. Qf4 Qxc3 16. Qf6 Rg8 17. Rfd1 Rc8 18.
h4 Ba4 19. Qf4 b5 20. Rac1 Rh8 21. Qf6 Rg8 22. Qf4 h5 23. Ng5 Rc7 24. Be2 Re7 25. Rd2 Nd7 26. Nf3 a6 27. Rd3 Qc7 28.
Qd4 Qc5 29. Rc3 Qxc3 30. Qxc3 Kf8 31. Qa3 Nb6 32. Nd4 Ke8 33. Qc5 Rb7 34. Qc6+ Rd7 35.
Qxb6 Rf8 36. Qb8+ Rd8 37. Qc7 Rd7 38. Qc8+ Rd8 39. Qc6+ Ke7 40. Qc5+ Kd7 41. Qd6+ Kc8 42. Qxa6+ Kd7 43. Bxb5+ Bxb5 44. Nxb5 Rc8 45. Qb7+ Kd8 46. Nd6 Rc3 47. Rb1 f5 48. Qa7 1-0

[Event "*** Titled Tuesday 3|2 Blitz"]
[Site "Chess.com"]
[Date "2014.12.30"]
[Round "1"]
[White "FairChess_on_YouTube"]
[Black "DrHolmes13"]
[Result "1-0"]
[WhiteElo "2704"]
[BlackElo "2206"]
[TimeControl "180+2"]
[EndTime "11:08:19 PST"]
[Termination "FairChess_on_YouTube won by resignation"]

1. d4 Nf6 2. Nf3 e6 3. Bg5 h6 4.
Bxf6 Qxf6 5. e4 d6 6. c3 Nd7 7.
Na3 Qd8 8. Bd3 Be7 9. O-O O-O 10.
Nc4 b6 11. Qe2 Bb7 12. Rad1 Re8 13. Rfe1 d5 14. Nce5 Nxe5 15. Nxe5 Bf6 16. Ng4 dxe4 17. Bxe4 Bxe4 18. Qxe4 Bg5 19. Ne5 Bf6 20. Nc6 Qd7 21. c4 a6 22. a4 Bg5 23. g3 Bf6 24. b4 b5 25. cxb5 axb5 26. a5 Be7 27. Rc1 Bd6 28.
Rc2 Ra6 29. Rec1 Rc8 30. Qe2 Raa8 31. Qxb5 Rab8 32. Qc4 Ra8 33. b5 h5 34. h4 g6 35.
a6 Qe8 36. Re2 Qd7 37. Rd1 Re8 38. Rde1 Rec8 39. d5 exd5 40. Qxd5 Qg4 41. Ne7+ Bxe7 42. Rxe7 Rf8 43. Rxc7 Rad8 44. Qe4 Qh3 45. a7 g5 46.
hxg5 h4 47. Qxh4 Qf5 48. b6 Rfe8 49. Rxe8+ Rxe8 50. Rc1 Qd5 51. g6 fxg6 52. Qc4 Re1+ 53. Rxe1 Qxc4 54. a8=Q+ Kg7 55. b7 Qc3 56. Qa1 Qxa1 57.
Rxa1 g5 58. b8=Q 1-0

[Event "*** Titled Tuesday 3|2 Blitz"]
[Site "Chess.com"]
[Date "2014.12.30"]
[Round "1"]
[White "LADIESGET2KNOWME"]
[Black "exoticprincess"]
[Result "1-0"]
[WhiteElo "2221"]
[BlackElo "2592"]
[TimeControl "180+2"]
[EndTime "11:08:28 PST"]
[Termination "LADIESGET2KNOWME won by resignation"]

1. d4 Nf6 2. Nc3 d5 3. Bg5 Nbd7 4. Qd3 e6 5. Nf3 Be7 6. O-O-O O-O 7. Bxf6 Nxf6 8. e4 c5 9. exd5 exd5 10. dxc5 Be6 11. Qd4 Rc8 12. b4 a5 13. a3 axb4 14. axb4 Ng4 15. Nxd5 Bxd5 16. Qxg4 Ra8 17. Bc4 Bxf3 18. Qxf3 Bg5+ 19. Kb2 Bf6+ 20. c3 Qc7 21. Rd6 Be5 22.
Rd5 Bf6 23. Rd6 Be5 24. Rd5 Ra4 25. Kc2 Ra3 26. Bb3 Bf6 27. Rhd1 Qxh2 28. Rd7 Qe5 29. Rxb7 Rfa8 30. Rdd7 Kh8 31. Rxf7 Qe1 32. Rxf6 Ra2+ 33. Bxa2 Rxa2+ 34. Kb3 Qb1+ 35. Kc4 Qf1+ 36. Qd3 Qxd3+ 37.
Kxd3 gxf6 38. c6 1-0

[Event "*** Titled Tuesday 3|2 Blitz"]
[Site "Chess.com"]
[Date "2014.12.30"]
[Round "1"]
[White "UnPolarizing"]
[Black "Hafez_Bakr"]
[Result "1-0"]
[WhiteElo "2213"]
[BlackElo "1760"]
[TimeControl "180+2"]
[EndTime "11:08:34 PST"]
[Termination "UnPolarizing won by resignation"]

1. e4 c5 2. d4 d6 3. c3 cxd4 4. Nf3 dxc3 5. Nxc3 Nf6 6. e5 Ng4 7.
exd6 Qxd6 8. Qxd6 exd6 9. Nd5 Kd7 10. Bb5+ Nc6 11. O-O f6 12. Nd4 Ne5 13. f4 Ng6 14. Be3 Be7 15. Rac1 a6 16. Ba4 Rb8 17. Nb6+ Ke8 18.
Rfe1 Kf7 19. Bb3+ Kf8 20. Nxc8 Rxc8 21. Be6 Rb8 22. Nf5 Nb4 23. Rc7 Nd3 24. Rd1 Nc5 25. Bd5 b6 26. Bxc5 dxc5 27. Re1 Re8 28. g3 h5 29. h4 c4 30. Kg2 Rh7 31. Kf3 b5 32. Re4 Rd8 33. Bc6 Rd3+ 34. Ke2 Nxf4+ 35. gxf4 g6 36.
Nxe7 Rf7 37. Nxg6+ Kg7 38. Rxf7+ Kxf7 39. Be8+ Kg7 40.
Re7+ Kg8 41. Bf7+ Kg7 42. Bxc4+ Kxg6 43. Bxd3+ f5 44. Re6+ Kf7 45. Rxa6 b4 46. Bxf5 1-0

[Event "*** Titled Tuesday 3|2 Blitz"]
[Site "Chess.com"]
[Date "2014.12.30"]
[Round "1"]
[White "davopetr"]
[Black "Squirlolz"]
[Result "1-0"]
[WhiteElo "2550"]
[BlackElo "2164"]
[TimeControl "180+2"]
[EndTime "11:08:37 PST"]
[Termination "davopetr won by resignation"]

1. e4 e6 2. d4 d5 3. Nc3 Nf6 4.
Bg5 Be7 5. e5 Nfd7 6. h4 Nc6 7.
Qg4 f6 8. Bd2 fxe5 9. dxe5 Ndxe5 10.
Qxg7 Bf6 11. Qg3 Bd7 12. O-O-O Qe7 13. f4 Nf7 14. Re1 Qd6 15. Nb5 Qc5 16. Nxc7+ Ke7 17. Nxa8 Rxa8 18. Bd3 Nb4 19. Kb1 Rc8 20. c3 Nxd3 21.
Qxd3 Bb5 22. Qh3 Rc6 23. Nf3 Rb6 24. Be3 Bd3+ 25. Kc1 d4 26. Bxd4 Bxd4 27. Nxd4 Qc4 28. Rxe6+ Rxe6 29. Nxe6 Be4 30. Re1 Nd6 31. Nd4 Qxa2 32.
Rxe4+ Nxe4 33. Qe3 Qd5 34. b3 b5 35. Nxb5 Kf8 36. c4 Qf5 37. g4 Qe6 38. Nc3 Qb6 39. Qxb6 axb6 40. Nxe4 1-0

[Event "*** Titled Tuesday 3|2 Blitz"]
[Site "Chess.com"]
[Date "2014.12.30"]
[Round "1"]
[White "GedoGluperd"]
[Black "kharposh"]
[Result "0-1"]
[WhiteElo "2321"]
[BlackElo "2014"]
[TimeControl "180+2"]
[EndTime "11:08:46 PST"]
[Termination "kharposh won by resignation"]

1. d4 Nf6 2. Bg5 e6 3. Nd2 d5 4. e3 Be7 5. Bd3 O-O 6. c3 c5 7.
f4 Nc6 8. Ngf3 Nd7 9. Bxe7 Qxe7 10. O-O f5 11. Ne5 Nf6 12. h3 Ne4 13. Ndf3 Bd7 14. Nxc6 bxc6 15. Bxe4 fxe4 16. Ne5 cxd4 17. cxd4 Rab8 18.
Qc2 Rfc8 19. Rac1 Rb5 20. Rf2 c5 21. b3 h6 22. Qd2 cxd4 23. Rxc8+ Bxc8 24. Qxd4 Qc5 25. Rd2 Qxd4 26. Rxd4 Rc5 27. Ra4 a5 28. Kf2 Kf8 29. a3 Ke7 30. b4 axb4 31. Ra7+ Kd6 32. axb4 Rc2+ 33. Kg3 Rb2 34. Rxg7 Rxb4 35. Rg8 Ba6 36.
Rd8+ Kc5 37. Ra8 Bf1 38. Kf2 Bb5 39. Rc8+ Kd6 40. g4 Rb2+ 41. Kg3 Rb3 42. g5 Rxe3+ 43. Kh4 hxg5+ 44. Kxg5 Rxh3 45. Rd8+ Kc5 46. Rc8+ Kd4 47. Rb8 Bc4 48. Kf6 e3 49. Rb1 e2 50. Kxe6 Re3 51. Re1 Kc3 52. f5 Kd2 53. Ra1 e1=Q 54. Rxe1 Rxe1 55. f6 d4+ 56. Kd6 Rxe5 57. Kxe5 d3 58. Kd4 Ba2 59. Kc5 Kc2 60. Kb4 d2 61. Ka3 Bf7 0-1

[Event "*** Titled Tuesday 3|2 Blitz"]
[Site "Chess.com"]
[Date "2014.12.30"]
[Round "1"]
[White "crisfoisor"]
[Black "VovAn1991"]
[Result "0-1"]
[WhiteElo "2095"]
[BlackElo "2409"]
[TimeControl "180+2"]
[EndTime "11:08:50 PST"]
[Termination "VovAn1991 won by resignation"]

1. e4 c5 2. d3 Nc6 3. Nd2 g6 4. g3 Bg7 5. Bg2 d6 6. f4 Nf6 7. Nh3 O-O 8. Nf2 Bd7 9. O-O b5 10. Nf3 b4 11. c4 bxc3 12. bxc3 Ng4 13. Bd2 Qa5 14. Qc2 Nxf2 15. Kxf2 Rab8 16. Rab1 Qa6 17.
Rxb8 Rxb8 18. Rb1 Rb6 19. Rxb6 axb6 20. c4 Bg4 21. h3 Bxf3 22. Bxf3 Nd4 23. Qb1 b5 24.
cxb5 Nxb5 25. Be2 Bc3 26. Bxc3 Nxc3 27. Qb8+ Kg7 28. Qb2 Qa5 29. Bd1 Qxa2 30. Qxa2 Nxa2 31. Ke3 Nc3 32. Bb3 Nb5 33. Bc4 Nd4 34. g4 e6 35.
g5 h6 36. h4 h5 37. Ba6 Kf8 38. Bc4 Ke7 39. Kd2 Kd7 40. Ke3 Kc6 41. Ba6 d5 42.
Bc8 dxe4 43. Kxe4 Kd6 44. Ba6 Nf5 45. Bc4 Nxh4 46. d4 cxd4 47. Kxd4 Nf5+ 48. Ke4 Ne7 49. Bb5 Nc6 50. Ba4 Kc5 51. Kf3 Kd5 52. Bb3+ Kd6 53. Ba4 e5 54. fxe5+ Nxe5+ 55. Kf4 Nd3+ 56.
Ke3 Nc5 57. Be8 Ke7 58. Bc6 Ne6 59. Kf3 Nd4+ 0-1

[Event "*** Titled Tuesday 3|2 Blitz"]
[Site "Chess.com"]
[Date "2014.12.30"]
[Round "1"]
[White "steinitz_attack"]
[Black "ViennaRocket"]
[Result "1/2-1/2"]
[WhiteElo "1791"]
[BlackElo "2220"]
[TimeControl "180+2"]
[EndTime "11:08:56 PST"]
[Termination "Game drawn by agreement"]

1. Nf3 g6 2. g3 Bg7 3. Bg2 f5 4. d4 Nf6 5. c4 O-O 6. Nc3 d6 7. Bg5 h6 8. Bxf6 Bxf6 9. O-O c6 10. e4 e6 11. e5 dxe5 12. dxe5 Qxd1 13. Raxd1 Be7 14. Nh4 Kf7 15. f4 Na6 16. a3 Nc5 17.
b4 Nd7 18. Rd2 a5 19. Rfd1 axb4 20. axb4 Nb6 21. c5 Nd5 22. Nxd5 cxd5 23. Nf3 Bd7 24. Nd4 Ra4 25. Rb1 Rfa8 26. Bf1 Ra1 27. Rdb2 Rxb1 28. Rxb1 Ra2 29. Nb5 g5 30. Nd6+ Bxd6 31. exd6 Rc2 32. Rb3 Rc1 33. Kf2 Kf6 34. Be2 Rc2 35. Ke3 d4+ 36. Kd3 Ra2 37. b5 e5 38. fxe5+ Kxe5 39. Bf3 Be6 40. Bxb7 Rxh2 41. c6 Kxd6 42. Rb4 Kc5 43.
Rxd4 Kxb5 44. Rd6 Bc4+ 45. Kc3 Rh1 46. c7 Be6 47. Rxe6 Rc1+ 48. Kd2 Rxc7 49. Bg2 h5 50. Rh6 f4 1/2-1/2

[Event "*** Titled Tuesday 3|2 Blitz"]
[Site "Chess.com"]
[Date "2014.12.30"]
[Round "1"]
[White "AlexanderL"]
[Black "BeerLag"]
[Result "1-0"]
[WhiteElo "2468"]
[BlackElo "2151"]
[TimeControl "180+2"]
[EndTime "11:09:00 PST"]
[Termination "AlexanderL won by resignation"]

1. d4 Nf6 2. c4 g6 3. Nc3 Bg7 4. e4 d6 5. Nf3 O-O 6. Be2 e5 7. O-O Nc6 8. d5 Ne7 9. Ne1 Nd7 10. Be3 f5 11. f3 f4 12. Bf2 a5 13. Nd3 b6 14. a3 h5 15. b4 axb4 16. axb4 Rxa1 17. Qxa1 g5 18. c5 bxc5 19. bxc5 g4 20. cxd6 cxd6 21. fxg4 Nf6 22. gxh5 Ng4 23. Qd1 Nxf2 24. Nxf2 Bd7 25.
Bg4 Kh8 26. Bxd7 Qxd7 27. Qg4 Qc7 28. Ne2 Ng8 29. Qf3 Nf6 30. Ng4 Nh7 31. h6 Bf6 32.
Rc1 Qa7+ 33. Kh1 Bg5 34. Ng1 Rg8 35. Nh3 Be7 36. g3 Qd7 37. Ngf2 fxg3 38. hxg3 Nf6 39. g4 Nxg4 40. Nxg4 Qxg4 41. Qxg4 Rxg4 42. Rc8+ Kh7 43. Rc7 Kxh6 44. Rxe7 Rxe4 45. Re6+ Kg7 46. Rxd6 Rd4 47. Ng5 Rd2 48. Kg1 Kf8 49. Nf3 Re2 50. Kf1 Re3 51. Kf2 Re4 52. Rf6+ Ke7 53. Re6+ Kd7 54. Nxe5+ Kc7 55.
d6+ Kc8 56. Re8+ Kb7 57. d7 1-0